 Dungeon Crawl Stone Soup version 0.29-a0-925-g0a7a3d12f8 (webtiles) character file.

Game seed: 7395007513160054119

445 spaghetti the Ruffian (level 6, -9/47 HPs)
             Began as a Demonspawn Fighter on July 28, 2022.
             Mangled by Ijyb
             ... wielding a +2 dagger of electrocution
              (14 damage)
             ... on level 4 of the Dungeon.
             The game lasted 00:08:06 (5564 turns).

spaghetti the Ruffian (Demonspawn Fighter)          Turns: 5564, Time: 00:08:07

Health: -9/47      AC:  6    Str: 16    XL:     6   Next: 72%
Magic:  0/11       EV: 12    Int: 13    God:
Gold:   176        SH:  4    Dex: 13    Spells: 11/12 levels left

rFire   . . .      SeeInvis .   w - staff of conjuration {!a@e2staff}
rCold   + . .      Faith    .   b - +0 buckler
rNeg    . . .      Spirit   .   a - +0 scale mail
rPois   .          Reflect  .   (no helmet)
rElec   .          Harm     .   (no cloak)
rCorr   .          Rampage  .   (no gloves)
Will    .....                   (no boots)
Stlth   ..........              (no amulet)
HPRegen 0.15/turn               j - +4 ring of evasion
MPRegen 0.12/turn               q - ring of protection from cold

@: very slightly contaminated
A: big brain 1, demonic magic 2
a: no special abilities


You were on level 4 of the Dungeon.
You visited 1 branch of the dungeon, and saw 4 of its levels.

You collected 176 gold pieces.


Innate Abilities, Weirdness & Mutations

You have an unusually large brain. (Int +2)
Spells you cast may paralyse nearby enemies.


   Skills:
 - Level 3.0 Fighting
 - Level 2.6 Armour
 - Level 2.6 Shields
 - Level 4.6 Unarmed Combat
 + Level 3.9 Spellcasting
 - Level 2.1 Conjurations


You had 11 spell levels left.
You knew the following spells:

 Your Spells              Type           Power      Damage    Failure   Level
a - Magic Dart            Conj           48%        1d5       38%         1

Your spell library contained the following spells:

 Spells                   Type           Power      Damage    Failure   Level
 Call Imp                 Summ           2%         N/A       83%         2
 Mephitic Cloud           Conj/Pois/Air  6%         N/A       92%         3

Inventory:

Hand Weapons
 f - a +0 dagger {short}
   (You found it on level 1 of the Dungeon)
 g - a +0 dagger {short}
   (You found it on level 1 of the Dungeon)
 h - a +0 club {mace}
   (You took it off a goblin on level 1 of the Dungeon)
 l - a +0 short sword {short}
   (You took it off a kobold on level 1 of the Dungeon)
 m - a +0 whip {mace}
   (You found it on level 1 of the Dungeon)
 C - a +1 long sword of electrocution {long}
   (You found it on level 4 of the Dungeon)
Missiles
 c - 3 curare-tipped darts {=fthrowing}
 i - 3 stones (quivered) {throwing}
 r - 3 boomerangs {throwing}
 y - 4 poisoned darts {throwing}
Armour
 a - a +0 scale mail (worn)
 b - a +0 buckler (worn)
 e - an orb of energy
   (You found it on level 1 of the Dungeon)
Magical Staves
 w - a staff of conjuration (weapon) {!a@e2staff}
   (You found it on level 2 of the Dungeon)
Jewellery
 j - a +4 ring of evasion (left hand)
   (You found it on level 1 of the Dungeon)
 q - a ring of protection from cold (right hand)
   (You found it on level 2 of the Dungeon)
 x - a ring of fire
   (You found it on level 4 of the Dungeon)
Wands
 p - a wand of flame (17)
   (You found it on level 3 of the Dungeon)
Scrolls
 d - a scroll of enchant armour {unknown}
 k - a scroll of immolation {unknown}
 o - 3 scrolls of teleportation {unknown}
 s - 2 scrolls of blinking {unknown}
 u - a scroll of identify {unknown}
 v - a scroll of enchant weapon {unknown}
Potions
 n - a potion of attraction {!q}
 t - 2 potions of brilliance
 z - 2 potions of heal wounds {@q2}
 A - a potion of curing {@q1}
 B - a potion of lignification {unknown}

Dungeon Overview and Level Annotations

Branches:
Dungeon (4/15) Zot: 18382
 Temple: D:4-7

Altars:
Sif Muna
Vehumet

Annotations:
D:4 Ijyb

##..P♣≈♣≈≈P.####.........
##P.PP♣≈≈≈P.P.[##<........
≈≈P≈≈♣≈≈P.≈P##............
P≈≈≈♣P.PP.#######.........
≈♣≈P≈PP#..# #.........
PPP≈P....## #.....<...
PPP...#.##################
P............[...
......##.@g!..... ....##
###+##.... ### ..


You could see Ijyb.


Message History

Nothing appears to happen. 😕 HP[+1] MP[-1]
You lost 1 mp, and now have 5/11 mp.
Casting: Magic Dart (safe; 38% risk of failure)
Confirm with . or Enter, or press ? or * to list all spells.
Aiming: Magic Dart (safe; 38% risk of failure)
Press: ? - help, Shift-Dir - straight line, f/p - Ijyb
Aim: Ijyb, wielding a +2 dagger of electrocution, wearing a +4 ring mail and carrying a wand of quicksilver (10) (moderately wounded, 100% to hit)
You feel a surge of power!
You miscast Magic Dart.
Nothing appears to happen.
You block Ijyb's attack. 😕 MP[-1]
You lost 1 mp, and now have 4/11 mp.
Casting: Magic Dart (safe; 38% risk of failure)
Confirm with . or Enter, or press ? or * to list all spells.
Aiming: Magic Dart (safe; 38% risk of failure)
Press: ? - help, Shift-Dir - straight line, f/p - Ijyb
Aim: Ijyb, wielding a +2 dagger of electrocution, wearing a +4 ring mail and carrying a wand of quicksilver (10) (moderately wounded, 100% to hit)
You feel a surge of power!
The magic dart hits Ijyb but does no damage.
Malevolent energies surge around you. Ijyb misses you.
Casting: Magic Dart (safe; 38% risk of failure)
Confirm with . or Enter, or press ? or * to list all spells.
Aiming: Magic Dart (safe; 38% risk of failure)
Press: ? - help, Shift-Dir - straight line, f/p - Ijyb
Aim: Ijyb, wielding a +2 dagger of electrocution, wearing a +4 ring mail and carrying a wand of quicksilver (10) (moderately wounded, 100% to hit)
You feel a surge of power!
You miscast Magic Dart.
Nothing appears to happen.
Ijyb barely misses you. 😕 MP[-1]
You lost 1 mp, and now have 3/11 mp.
Casting: Magic Dart (safe; 38% risk of failure)
Confirm with . or Enter, or press ? or * to list all spells.
Aiming: Magic Dart (safe; 38% risk of failure)
Press: ? - help, Shift-Dir - straight line, f/p - Ijyb
Aim: Ijyb, wielding a +2 dagger of electrocution, wearing a +4 ring mail and carrying a wand of quicksilver (10) (moderately wounded, 100% to hit)
You feel a surge of power!
The magic dart hits Ijyb.
Malevolent energies surge around you.
Ijyb suddenly stops moving! 😕 MP[-1]
You lost 1 mp, and now have 2/11 mp.
Casting: Magic Dart (safe; 38% risk of failure)
Confirm with . or Enter, or press ? or * to list all spells.
Aiming: Magic Dart (safe; 38% risk of failure)
Press: ? - help, Shift-Dir - straight line, f/p - Ijyb
Aim: Ijyb, wielding a +2 dagger of electrocution, wearing a +4 ring mail and carrying a wand of quicksilver (10) (moderately wounded, paralysed, 100% to hit)
You feel a surge of power!
You miscast Magic Dart.
Nothing appears to happen. 😕 MP[-1]
You lost 1 mp, and now have 1/11 mp.
The helpless Ijyb fails to defend herself.
You hit Ijyb but do no damage.
Ijyb is no longer paralysed.
Ijyb hits you but does no damage. 😕 HP[+1]
You hit Ijyb but do no damage. You block Ijyb's attack.
Casting: Magic Dart (safe; 38% risk of failure)
Confirm with . or Enter, or press ? or * to list all spells.
Aiming: Magic Dart (safe; 38% risk of failure)
Press: ? - help, Shift-Dir - straight line, f/p - Ijyb
Aim: Ijyb, wielding a +2 dagger of electrocution, wearing a +4 ring mail and carrying a wand of quicksilver (10) (moderately wounded, 100% to hit)
You feel a surge of power!
The magic dart hits Ijyb but does no damage.
Malevolent energies surge around you.
Ijyb suddenly stops moving! 😕 MP[-1]
You lost 1 mp, and now have 0/11 mp.
The helpless Ijyb fails to defend herself.
You hit Ijyb but do no damage.
The helpless Ijyb fails to defend herself.
You hit Ijyb but do no damage. 😕 MP[+1]
The helpless Ijyb fails to defend herself.
You hit Ijyb.
The helpless Ijyb fails to defend herself.
You hit Ijyb but do no damage.
Ijyb is no longer paralysed.
Ijyb closely misses you. 😕 HP[+1]
Casting: Magic Dart (safe; 38% risk of failure)
Confirm with . or Enter, or press ? or * to list all spells.
Aiming: Magic Dart (safe; 38% risk of failure)
Press: ? - help, Shift-Dir - straight line, f/p - Ijyb
Aim: Ijyb, wielding a +2 dagger of electrocution, wearing a +4 ring mail and carrying a wand of quicksilver (10) (moderately wounded, 100% to hit)
You feel a surge of power!
You miscast Magic Dart.
Nothing appears to happen.
Ijyb screams, "Me kill you!" Ijyb hits you but does no damage.
You are electrocuted! 😮 HP[-10] MP[-1]
You take 10 damage, and now have 29/47 hp.
MASSIVE DAMAGE!! (PAUSE)
You lost 1 mp, and now have 0/11 mp.
Unknown command.
You hit Ijyb but do no damage.
Ijyb zaps a wand.
The bolt of dispelling energy hits you!!
* * * LOW HITPOINT WARNING * * *
Ijyb hits you with a +2 dagger of electrocution.
* * * LOW HITPOINT WARNING * * *
You are electrocuted!
You die...

Skill      XL: |  1  2  3  4  5 |
---------------+----------------+-----
Unarmed Combat | 2 3 4 |  4.6
Spellcasting   | 3 |  3.9
Conjurations   | 2 |  2.1
Fighting       | |  3.0
Armour         | |  2.6
Shields        | |  2.6

Action                   |  1- 3 |  4- 6 || total
-------------------------+-------+-------++-------
Melee: Unarmed           |   156 |    27 ||   183
       Staff             |       |   150 ||   150
Throw: Stone             |       |     9 ||     9
 Cast: Magic Dart        |       |    58 ||    58
Evoke: Wand              |       |    10 ||    10
  Use: Potion            |     2 |     5 ||     7
 Stab: Paralysed         |       |     9 ||     9
Armor: Scale mail        |    56 |    57 ||   113
Dodge: Dodged            |    55 |   131 ||   186
Block: Buckler           |    19 |    40 ||    59

Levels and vault maps discovered:
D:1:      eino_arrival_water_star, layout_basic,
          shapermc_ecumenical_altar_acropolis
D:2:      layout_rooms, minmay_tiny_reverse_x, uniq_natasha
D:3:      layout_basic, kennysheep_orc_sif_temple,
          nicolae_overflow_ecumenical_swirl, mainiacjoe_overflow_alcove_4,
          nicolae_elyvilon_peaceful_grove
D:4:      layout_rooms, nicolae_wu_jian_immortal_techniques,
          serial_bayou_lagoon_a, sigmund_army, uniq_crazy_yiuf_cottage,
          uniq_ijyb

Notes
Turn   | Place    | Note
-------+----------+-------------------------------------------
     0 | D:1      | spaghetti the Demonspawn Fighter began the quest for the
                  | Orb.
     0 | D:1      | Reached XP level 1. HP: 18/18 MP: 1/1
     0 | D:1      | magus.rc [v1.9.6]
    52 | D:1      | Reached skill level 2 in Unarmed Combat
   592 | D:1      | Gained mutation: Spells you cast may paralyse adjacent
                  | enemies. [demonic ancestry]
   592 | D:1      | Reached XP level 2. HP: 24/24 MP: 2/2
  1212 | D:1      | Reached skill level 3 in Unarmed Combat
  1319 | D:1      | Found a faded altar of an unknown god.
  1501 | D:2      | Gained mutation: Spells you cast may paralyse nearby
                  | enemies. [demonic ancestry]
  1501 | D:2      | Reached XP level 3. HP: 28/29 MP: 3/3
  1608 | D:2      | Noticed Natasha
  1617 | D:2      | HP: 6/29 [Natasha (4)]
  1622 | D:2      | Killed Natasha
  1943 | D:2      | Noticed Natasha
  1949 | D:2      | Killed Natasha
  1950 | D:2      | Reached skill level 4 in Unarmed Combat
  1950 | D:2      | Reached XP level 4. HP: 28/35 MP: 4/4
  1983 | D:2      | Noticed Natasha
  1993 | D:2      | HP: 6/35 [Natasha (4)]
  1994 | D:2      | Killed Natasha
  2310 | D:2      | You pick up a book of Minor Magic and begin reading...
  2310 | D:2      | You add the spells Magic Dart, Call Imp and Mephitic Cloud
                  | to your library.
  2510 | D:2      | Learned a level 1 spell: Magic Dart
  3003 | D:3      | Reached XP level 5. HP: 33/41 MP: 0/5
  3032 | D:3      | Reached skill level 1 in Spellcasting
  3032 | D:3      | Reached skill level 1 in Conjurations
  3608 | D:3      | Found a faded altar of an unknown god.
  3995 | D:3      | Found a shimmering blue altar of Sif Muna.
  4036 | D:3      | Reached skill level 2 in Conjurations
  4336 | D:3      | Found a radiant altar of Vehumet.
  4663 | D:4      | Reached skill level 2 in Spellcasting
  4882 | D:4      | Noticed Sigmund
  5059 | D:4      | Killed Sigmund
  5060 | D:4      | Reached skill level 3 in Spellcasting
  5060 | D:4      | Gained mutation: You have an unusually large brain. (Int
                  | +2) [demonic ancestry]
  5060 | D:4      | Reached XP level 6. HP: 40/47 MP: 4/11
  5544 | D:4      | Noticed Ijyb
  5564 | D:4      | HP: 6/47 [Ijyb/bolt of dispelling energy (23)]
  5564 | D:4      | Mangled by Ijyb

Vanquished Creatures
  Sigmund (D:4)
  An orc priest (D:3)
  A jelly (D:4)
  Natasha (thrice) (D:2)
  2 orc wizards (D:3)
  A worm (D:2)
  2 dart slugs
  6 orcs (D:3)
  A bat (D:1)
  8 endoplasms
  5 giant cockroaches
  8 goblins
  9 hobgoblins
  4 jackals
  3 quokkas
  7 ball pythons
  2 frilled lizards
  5 kobolds
  7 rats
76 creatures vanquished.

Vanquished Creatures (others)
  An orc wizard (D:3)
  A butterfly (D:3)
2 creatures vanquished.

Grand Total: 78 creatures vanquished

Table legend:
 A = Non-vault XP
 B = Vault XP
 C = Vault XP percentage of total XP
 D = Non-vault monster count
 E = Vault monster count
 F = Vault count percentage of total count
                 A         B        C        D         E       F
            +---------+---------+-------+---------+---------+-------
      Total |     310 |     326 |  51.3 |      69 |       8 |  10.4
            +---------+---------+-------+---------+---------+-------
        D:1 |      36 |       0 |   0.0 |      20 |       0 |   0.0
        D:2 |     108 |      38 |  26.0 |      23 |       3 |  11.5
        D:3 |     112 |      55 |  32.9 |      18 |       3 |  14.3
        D:4 |      54 |     233 |  81.2 |       8 |       2 |  20.0
            +---------+---------+-------+---------+---------+-------

Illustrated notes

Table legend:
 A = Kills in this place as a percentage of kills in entire the game.
 B = Kills by you in this place as a percentage of kills by you in the entire game.
 C = Kills by friends in this place as a percentage of kills by friends in the entire game.
 D = Other kills in this place as a percentage of other kills in the entire game.
 E = Experience gained in this place as a percentage of experience gained in the entire game.
 F = Experience gained in this place divided by the number of levels of this place that you have seen.
                   A       B       C       D       E      F
               +-------+-------+-------+-------+-------+----------------------
         Total | 100.0 | 100.0 |   N/A | 100.0 | 100.0 | 159.0
       Dungeon | 100.0 | 100.0 |   N/A | 100.0 | 100.0 | 159.0
               +-------+-------+-------+-------+-------+----------------------

Table legend: (Time is in decaauts)
 A = Elapsed time spent in this place.
 B = Non-inter-level travel time spent in this place.
 C = Inter-level travel time spent in this place.
 D = Time resting spent in this place.
 E = Time spent auto-exploring this place.
 F = Levels seen in this place.
 G = Mean time per level.
                   A        B        C        D        E       F      G
               +--------+--------+--------+--------+--------+-----+--------+
         Total |   5615 |   5467 |    148 |    133 |   4484 |   4 | 1403.8 |
       Dungeon |   5615 |   5467 |    148 |    133 |   4484 |   4 | 1403.8 |
               +--------+--------+--------+--------+--------+-----+--------+

Top non-repeatable levels by time:
     D:3: 1943 daAuts
     D:1: 1463 daAuts
     D:2: 1250 daAuts
     D:4: 958 daAuts
